 Dungeon Crawl Stone Soup version 0.31-a0-365-gcf821cafb2 (webtiles) character file.

Game seed: 10902023168766024001

502 IdlyInterested the Trooper (level 6, 0/49 HPs)
             Began as a Demonspawn Gladiator on July 27, 2023.
             Slain by a lemure (6 damage)
             ... led by Pikel
             ... on level 4 of the Dungeon.
             The game lasted 00:09:57 (2728 turns).

IdlyInterested the Trooper (Demonspawn Gladiator)   Turns: 2728, Time: 00:09:58

Health: 0/49       AC:  6    Str: 16    XL:     6   Next: 95%
Magic:  6/6        EV: 10    Int:  9    God:
Gold:   89         SH:  0    Dex: 15    Spells: 5/5 levels left

rFire   . . .        a - +1 rapier
rCold   . . .        (no shield)
rNeg    . . .        f - +0 scale mail
rPois   .            c - melded +0 helmet
rElec   .            n - melded scarf {shadows}
rCorr   +            (gloves currently unavailable)
SInv    .            (boots currently unavailable)
Will    .....        (no amulet) Stlth
                     p - ring of resist corrosion
HPRegen 0.28/turn    (no ring)
MPRegen 0.10/turn

%: no passive effects
@: brilliant, beast-form
A: beast (slay +0), claws 2, spiny 1
a: Begin Untransformation


You were on level 4 of the Dungeon.
You were a hulking beast.
You visited 1 branch of the dungeon, and saw 4 of its levels.

You collected 149 gold pieces.
You spent 60 gold pieces at shops.

Inventory:

Hand Weapons
 a - a +1 rapier (weapon)
Missiles
 d - 3 throwing nets
 e - a javelin
Armour
 c - a +0 helmet (melded)
 f - a +0 scale mail (worn)
 n - a scarf of shadows (melded)
Magical Staves
 v - a staff of poison
Jewellery
 p - a ring of resist corrosion (left claw)
Talismans
 u - a beast talisman
Scrolls
 b - a scroll of immolation {unknown}
 g - a scroll of enchant weapon
 k - a scroll of silence {unknown}
 l - a scroll of amnesia {unknown}
 m - a scroll of fog {unknown}
 q - 3 scrolls of teleportation
 r - a scroll of butterflies
Potions
 h - a potion of cancellation
 i - a potion of haste


   Skills:
 + Level 4.6 Fighting
 - Level 2.6 Short Blades
 - Level 2.0 Throwing
 - Level 1.0 Armour
 - Level 3.0 Dodging
 - Level 1.0 Stealth
 * Level 4.3 Unarmed Combat
 + Level 0.6 Evocations
 - Level 1.0 Shapeshifting


You had 5 spell levels left.
You didn't know any spells.
Your spell library contained the following spells:

 Spells                   Type           Power      Damage    Failure   Level
 Sting                    Tmut/Pois      0%         1d3       83%         1
 Poisonous Vapours        Pois/Air       0%         N/A       92%         2
 Olgreb's Toxic Radiance  Pois           0%         N/A       100%        4
 Iskenderun's Battlesphe  Conj           0%         2d6       100%        5
 Leda's Unmaking          Conj/Erth      0%         9d1       100%        6
 Spellforged Servitor     Conj/Summ      0%         N/A       100%        7


Dungeon Overview and Level Annotations

Branches:
Dungeon (4/15)
 Temple: D:4-7

Altars:

Shops:
D:2 [([(*

Portals:
Ossuary: D:4

Annotations:
D:4 Pikel


Innate Abilities, Weirdness & Mutations

You are a hulking beast.
Your limbs bulge with bestial killing power. (Slay +0)
You have very sharp fingernails.
You are partially covered in sharp spines.


Message History

You hit the orc.
You kill the orc!
You are starting to lose your buoyancy.
Pikel, Merchant of Souls comes into view.
He is wielding a +0 whip of electrocution.
You start resting.
A lemure is nearby!
You hit the lemure.
The lemure is lightly wounded.
The lemure is struck by your spines. The lemure hits you.
You hit the lemure but do no damage.
The lemure is moderately wounded.
The lemure is struck by your spines. The lemure hits you.
* * * LOW HITPOINT WARNING * * *
You hit the lemure but do no damage.
The lemure is moderately wounded.
You float gracefully downwards.
The lemure hits you but does no damage.
You hit the lemure.
The lemure is moderately wounded.
The lemure hits you.
* * * LOW HITPOINT WARNING * * *
You hit the lemure but do no damage.
The lemure is moderately wounded.
The lemure is struck by your spines. The lemure closely misses you.
The lemure hits you.
* * * LOW HITPOINT WARNING * * *
You hit the lemure but do no damage.
The lemure is heavily wounded.
Your enlightenment fades.
The lemure hits you.
* * * LOW HITPOINT WARNING * * *
You miss the lemure.
The lemure is heavily wounded.
The lemure hits you but does no damage.
You hit the lemure but do no damage.
The lemure is heavily wounded.
The lemure barely misses you.
It was a potion of brilliance.
You feel clever all of a sudden. The lemure hits you.
You die...

,,,,**,##..#.#.#.#.#.#.#....,,,**
,**,,,,.....#.#.#.#.#.#......,,*,
,,,,,,**,....#.#.#.#.#.#.....,,,,
,,,,,,**,,>?#.#.#.#.#.#...#..,,,,
*,,,,,,,,,*#.#.#.#.#.#.#.##..,,,,
,,,,,,,,,,,,#.#.#.#.#.#....,,,>,,
,,,,,,,,,,,,,#)#.#.#.#.#....,,,,,
**,,,,,,,,,,#(#5#†#.#.#.....,,,,,
***,,,,,,,,..#.#h#?#.#.#...,,,,,,
,,,,,,,,,5.....###..#.....,,,,,,,
,,,,,,,5..oo5..**,,......,,,,,,,,
,,,,,**5..#....*,,,,....,,,,,,,,,
,,,,***........,,,,,...,,,,,,,,,,
,,,,,**.:......,,,,,,,,,,,,,,,,,*
,,,,,*,,..K.∩..,,,,,,,,,,,,,,,,,*
,,*,,*,,,,,,,,,,,,,,,,,,,,,,,,,,,
,,,,,,,,,,,,,,,,,,,*,,,,,,,,,,,,*


You could see a lemure.

Vanquished Creatures
  Eustachio (D:4)
  A water moccasin (D:3)
  2 lemures (D:4)
  A jelly (D:4)
  2 hounds
  2 orc wizards
  3 gnolls (D:3)
  2 adders
  2 worms (D:2)
  2 dart slugs
  8 orcs
  4 ball pythons
  4 bats
  3 endoplasms
  2 giant cockroaches
  3 goblins
  6 hobgoblins
  2 jackals (D:2)
  A quokka (D:4)
  5 frilled lizards
  6 kobolds
  6 rats
68 creatures vanquished.

Notes
Turn   | Place    | Note
-------+----------+-------------------------------------------
     0 | D:1      | IdlyInterested the Demonspawn Gladiator began the quest for
                  | the Orb.
     0 | D:1      | Reached XP level 1. HP: 16/16 MP: 1/1
    43 | D:1      | You fall into a shaft and drop 1 floor!
   183 | D:1      | Gained mutation: You have sharp fingernails. [demonic
                  | ancestry]
   183 | D:1      | Reached XP level 2. HP: 23/23 MP: 2/2
   693 | D:2      | Found Toveed's Antique Weapon Emporium.
   728 | D:2      | Reached skill level 1 in Unarmed Combat
   728 | D:2      | Reached XP level 3. HP: 10/28 MP: 3/3
  1007 | D:2      | Found Nag Astri's Antique Armour Shop.
  1106 | D:2      | Found Uffurch's Antique Armour Emporium.
  1236 | D:2      | Gained mutation: You are partially covered in sharp spines.
                  | [demonic ancestry]
  1236 | D:2      | Reached XP level 4. HP: 31/35 MP: 4/4
  1317 | D:2      | Found Suusel's Antique Weapon Shop.
  1351 | D:2      | Found Icamp's Assorted Antiques.
  1357 | D:2      | Bought a scroll labelled BUSUDWAMUO for 15 gold pieces
  1357 | D:2      | Bought a scroll labelled FYLIGA KATWO for 15 gold pieces
  1357 | D:2      | Bought a scroll labelled FYLIGA KATWO for 15 gold pieces
  1357 | D:2      | Bought a scroll labelled RUVIAT MUTOKH for 15 gold pieces
  1947 | D:3      | Noticed a water moccasin
  1958 | D:3      | Killed a water moccasin
  1959 | D:3      | Reached skill level 1 in Armour
  1959 | D:3      | Gained mutation: You have very sharp fingernails. [demonic
                  | ancestry]
  1959 | D:3      | Reached XP level 5. HP: 21/42 MP: 5/5
  2211 | D:3      | Reached XP level 6. HP: 36/48 MP: 6/6
  2563 | D:4      | Reached skill level 1 in Stealth
  2598 | D:4      | Noticed Eustachio
  2599 | D:4      | Found a sand-covered staircase.
  2627 | D:4      | HP: 2/48 [Eustachio/+0 rapier (8)]
  2662 | D:4      | HP: 2/48 [quasit[Eustachio] (1)]
  2671 | D:4      | Killed Eustachio
  2672 | D:4      | Reached skill level 1 in Shapeshifting
  2676 | D:4      | HP: 2/49 [something/magic dart (8)]
  2716 | D:4      | Noticed Pikel
  2728 | D:4      | Slain by a lemure

Illustrated notes

Levels and vault maps discovered:
D:1:      lightli_arrival_windingriver, layout_loops_ring
D:2:      layout_basic, serial_shops, nicolae_shop_tiny_waterfront,
          nicolae_shop_temple_entry_statues_fountains, shop,
          nicolae_shop_competitors_out_of_business, nicolae_shop_rolling_square
D:3:      layout_basic
D:4:      gammafunk_wand_slinger, layout_cave_pools,
          grunt_dithmenos_smoke_and_mirrors, nicolae_qazlal_style_of_elements,
          minitemple, enter_ossuary_1, minivault_23, solitary_fountain,
          uniq_eustachio, uniq_crazy_yiuf_cottage, uniq_pikel

Skill      XL: |  1  2  3  4  5  6 |
---------------+-------------------+-----
Dodging        | 3 |  3.0
Unarmed Combat | 1 2 3 4 |  4.3
Fighting       | 3 4 |  4.6
Throwing       | 2 |  2.0
Armour         | 1 |  1.0
Stealth        | 1 |  1.0
Shapeshifting  | 1 |  1.0
Short Blades   | |  2.6
Evocations     | |  0.6

Action                     |  1- 3 |  4- 6 || total
---------------------------+-------+-------++-------
  Melee: Rapier            |    83 |   147 ||   230
         Punch             |       |     4 ||     4
  Throw: Stone             |       |    11 ||    11
    Use: Potion            |     1 |     8 ||     9
         Scroll            |       |     8 ||     8
 Armour: Scale mail        |    37 |    57 ||    94
  Dodge: Dodged            |    44 |    89 ||   133
   Form: Beast             |       |     1 ||     1

Table legend: (Time is in decaauts)
 A = Elapsed time spent in this place.
 B = Non-inter-level travel time spent in this place.
 C = Inter-level travel time spent in this place.
 D = Time resting spent in this place.
 E = Time spent auto-exploring this place.
 F = Levels seen in this place.
 G = Mean time per level.
                   A        B        C        D        E       F      G
               +--------+--------+--------+--------+--------+-----+--------+
         Total |   2746 |   2419 |    327 |    217 |   1448 |   4 |  686.5 |
       Dungeon |   2746 |   2419 |    327 |    217 |   1448 |   4 |  686.5 |
               +--------+--------+--------+--------+--------+-----+--------+

Top non-repeatable levels by time:
     D:2: 983 daAuts
     D:3: 831 daAuts
     D:1: 748 daAuts
     D:4: 183 daAuts
